 Dungeon Crawl Stone Soup version 0.26.1-11-gd32895ea62 (webtiles) character file.

Game seed: 18059833315918666858

2929 Hugehornet the Protected (level 9, -5/56 HPs)
             Began as a Gargoyle Fighter on July 17, 2021.
             Was an Initiate of Gozag.
             Slain by an orc warrior (10 damage)
             ... in a bailey.
             The game lasted 00:25:29 (8090 turns).

Hugehornet the Protected (Gargoyle Fighter)         Turns: 8090, Time: 00:25:31

Health: -5/56      AC: 27    Str: 19    XL:     9   Next: 79%
Magic:  9/9        EV:  4    Int: 13    God:    Gozag
Gold:   688        SH: 10    Dex:  9    Spells: 6/8 levels left

rFire    + + .     SeeInvis .   a - +0 war axe
rCold    + . .     Faith    .   c - +0 kite shield
rNeg     + . .     Spirit   .   n - +0 plate armour
rPois    ∞         Reflect  .   (no helmet)
rElec    +         Harm     .   B - scarf {rC+ rF+}
rCorr    .         Rampage  .   g - +0 pair of gloves (curse)
Will     .....                  o - +0 pair of boots
Stlth    ..........             (no amulet)
HPRegen  0.18/turn              E - +4 ring of protection
MPRegen  0.11/turn              b - ring of protection from fire

@: no status effects
A: negative energy resistance 1, electricity resistance, unbreathing,
petrification resistance, miasma immunity, AC +6
a: Renounce Religion, Potion Petition, Call Merchant, Bribe Branch


You were in a bailey.
You worshipped Gozag.
Gozag was pleased with you.
You visited 2 branches of the dungeon, and saw 9 of its levels.
You also visited: Bailey.

You collected 1035 gold pieces.
You spent 285 gold pieces at shops.
You paid 62 gold pieces to Gozag.

Inventory:

Hand Weapons
 a - a +0 war axe (weapon)
 d - a +2 spear of freezing
 r - a +0 battleaxe
 y - a +2 trident of protection
 F - a +0 flail
Armour
 c - a +0 kite shield (worn)
 g - a cursed +0 pair of gloves (worn)
 k - a +0 pair of gloves
 n - a +0 plate armour (worn)
 o - a +0 pair of boots (worn)
 B - a scarf of resistance (worn)
Jewellery
 b - a ring of protection from fire (right hand)
 x - an uncursed ring of protection from cold
 E - a +4 ring of protection (left hand)
Wands
 q - a wand of acid (10)
 C - a wand of digging (7)
Scrolls
 e - 6 scrolls of remove curse
 f - 5 scrolls of enchant armour
 h - a scroll of immolation {unknown}
 i - 2 scrolls of random uselessness {unknown}
 j - 3 scrolls of teleportation
 l - 3 scrolls of amnesia
 m - a scroll of identify
 u - a scroll of magic mapping
 v - 4 scrolls of fog
 D - a scroll of fear {unknown}
Potions
 s - a potion of magic {unknown}
 w - 2 potions of flight
 A - 6 potions of attraction


   Skills:
 + Level 6.7 Fighting
 * Level 7.2 Axes
 * Level 9.1 Armour
 + Level 6.6 Shields


You had 6 spell levels left.
You knew the following spells:

 Your Spells              Type           Power        Failure   Level
a - Wereblood             Tmut           0%           100%        2

Your spell library contained the following spells:

 Spells                   Type           Power        Failure   Level
 Beastly Appendage        Tmut           0%           100%        1
 Summon Small Mammal      Summ           0%           100%        1
 Call Imp                 Summ           0%           100%        2
 Call Canine Familiar     Summ           0%           100%        3
 Spider Form              Tmut/Pois      0%           100%        3
 Summon Guardian Golem    Hex/Summ       0%           100%        3
 Ice Form                 Ice/Tmut       0%           100%        4
 Summon Ice Beast         Ice/Summ       0%           100%        4
 Summon Lightning Spire   Summ/Air       0%           100%        4
 Blade Hands              Tmut           0%           100%        5


Dungeon Overview and Level Annotations

Branches:
Dungeon (8/15)             Temple (1/1) D:4          Bailey (1/1)
   Lair: D:8-11

Altars:
Ashenzari
Cheibriados
Dithmenos
Elyvilon
Fedhas
Gozag
Hepliaklqana
Kikubaaqudgha
Makhleb
Nemelex Xobeh
Okawaru
Qazlal
Ru
Sif Muna
Uskayaw
Vehumet
Wu Jian
Xom
Zin
The Shining One

Shops:
D:4 ?   D:6 *


Innate Abilities, Weirdness & Mutations

You are resistant to torment.
Your stone body is resilient. (AC +6)
You are immune to poison.
You resist negative energy. (rN+)
You are resistant to electric shocks. (rElec)
You can survive without breathing.
You are immune to petrification.
You are immune to miasma.


Message History

You hit the orc warrior but do no damage.
The orc warrior is almost dead.
The orc warrior shoots a bolt.
You block the bolt.
The orc warrior hits you but does no damage.
You completely miss the orc warrior.
The orc warrior is almost dead.
You closely miss the orc warrior. The orc warrior hits you!
* * * LOW HITPOINT WARNING * * *
The orc warrior unwields a +0 arbalest.
You block the orc warrior's attack.
You feel better.
The orc warrior shoots a bolt.
The bolt hits you but does no damage.
The orc warrior shoots a bolt.
You block the bolt. You block the orc warrior's attack. x2
As you read the scroll of fog, it crumbles to dust.
The scroll dissolves into smoke.
The orc warrior shoots a bolt.
The bolt hits you.
* * * LOW HITPOINT WARNING * * *
The orc warrior hits you but does no damage.
The orc warrior hits you!
You die...
Your body crumbles into a pile of gold.

##.(o# #........
##o### #.........
##.' #..o......
##o# ##.........
.#.. #..........
.##. ##.o........
..## ##...§.......
...#
####.(§o§§≈≈≈...
....
#...(..§@#.#≈≈. ...
..........§#o.# ..
..........≈.o^..≈ .
..........≈##.##≈..
. ..........≈≈#.#
.. ...........≈≈≈≈
................
................


You could see 4 orc warriors and an orc.

Vanquished Creatures
  The ghost of Ntrails the Grappler, a novice TrMo (D:6)
  3 orc warriors
  An ice beast (D:6)
  2 phantoms
  A necrophage (D:8)
  2 ogres
  A centaur (D:5)
  5 bullfrogs
  A water moccasin zombie (D:7)
  The ghost of ABBCCCDDDD the Sneak, a weakling DrDe (D:3)
  A scorpion (D:7)
  A howler monkey (D:4)
  A spectral bullfrog (D:6)
  A spectral centaur (D:6)
  A bullfrog zombie (D:6)
  A jelly (D:7)
  2 gnoll shamans
  3 orc priests
  Crazy Yiuf (D:2)
  2 hounds
  6 orc wizards
  7 worker ants
  Natasha (thrice) (D:2)
  A killer bee zombie (D:7)
  A centaur simulacrum (D:6)
  A hound skeleton (D:7)
  14 gnolls
  6 adders
  A shadow imp (D:6)
  5 white imps
  An ooze (D:2)
  3 adder skeletons
  2 worms (D:2)
  A dart slug (D:2)
  4 leopard geckos
  21 orcs
  4 bats
  5 giant cockroaches
  13 hobgoblins
  6 jackals
  4 quokkas
  A ball python (D:4)
  8 frilled lizards
  9 goblins
  13 kobolds
  A quokka zombie (D:6)
  9 rats
182 creatures vanquished.

Vanquished Creatures (others)
  An orc (D:6)
1 creature vanquished.

Grand Total: 183 creatures vanquished

Notes
Turn   | Place    | Note
-------+----------+-------------------------------------------
     0 | D:1      | Hugehornet the Gargoyle Fighter began the quest for the
                  | Orb.
     0 | D:1      | Reached XP level 1. HP: 14/14 MP: 1/1
    69 | D:1      | Reached XP level 2. HP: 17/19 MP: 2/2
   394 | D:1      | Reached XP level 3. HP: 23/23 MP: 3/3
   619 | D:2      | Reached skill level 4 in Armour
   867 | D:2      | Reached XP level 4. HP: 23/29 MP: 4/4
  1064 | D:2      | Found a runed translucent door.
  1065 | D:2      | Noticed Crazy Yiuf
  1149 | D:2      | Noticed Natasha
  1153 | D:2      | Killed Natasha
  1301 | D:2      | HP: 1/29 [Crazy Yiuf/+4 quarterstaff of chaos (3)]
  1304 | D:2      | Killed Crazy Yiuf
  1305 | D:2      | Reached XP level 5. HP: 2/33 MP: 5/5
  1625 | D:2      | Noticed Natasha
  1633 | D:2      | Killed Natasha
  1733 | D:2      | Noticed Natasha
  1740 | D:2      | Killed Natasha
  1916 | D:3      | Reached skill level 5 in Armour
  1916 | D:3      | Reached XP level 6. HP: 12/38 MP: 6/6
  2445 | D:3      | Found a glowing silver altar of Zin.
  2539 | D:3      | Found a runed translucent gate.
  2539 | D:3      | Found a runed translucent gate.
  2539 | D:3      | Found a runed translucent gate.
  2539 | D:3      | Noticed ABBCCCDDDD's ghost (weakling DrDe)
  2571 | D:3      | Killed ABBCCCDDDD's ghost
  3012 | D:4      | Found Inwean's Magic Scroll Shop.
  3018 | D:4      | Bought 2 scrolls of identify for 44 gold pieces
  3018 | D:4      | Bought a scroll of noise for 11 gold pieces
  3018 | D:4      | Bought a scroll of teleportation for 33 gold pieces
  3165 | D:4      | Found a staircase to the Ecumenical Temple.
  3263 | Temple   | Entered the Ecumenical Temple
  3317 | Temple   | Became a worshipper of Gozag Ym Sagoz the Greedy
  3705 | D:4      | Reached XP level 7. HP: 44/44 MP: 7/7
  3970 | D:5      | Entered Level 5 of the Dungeon
  4004 | D:5      | Reached skill level 6 in Armour
  4322 | D:5      | Reached skill level 5 in Fighting
  4322 | D:5      | Reached skill level 5 in Shields
  4322 | D:5      | Reached XP level 8. HP: 46/49 MP: 8/8
  4481 | D:5      | Reached skill level 5 in Axes
  5108 | D:6      | Found a shadowy altar of Dithmenos.
  5109 | D:6      | Found a snail-covered altar of Cheibriados.
  5109 | D:6      | Found a burning altar of Makhleb.
  5189 | D:6      | Found a runed translucent gate.
  5190 | D:6      | Found a runed translucent gate.
  5190 | D:6      | Found a runed translucent gate.
  5192 | D:6      | Noticed Ntrails's ghost (novice TrMo)
  5324 | D:6      | Found Ymimor's Assorted Antiques.
  5333 | D:6      | Bought a scroll labelled HOUNGI SIKOO for 25 gold pieces
  5333 | D:6      | Bought a coppery potion for 22 gold pieces
  5333 | D:6      | Bought a scroll labelled LAORAO NAENAO for 25 gold pieces
  5333 | D:6      | Bought a small ivory ring for 125 gold pieces
  5466 | D:6      | Reached skill level 7 in Armour
  6158 | D:6      | Killed Ntrails's ghost
  6159 | D:6      | Reached skill level 8 in Armour
  6159 | D:6      | Reached XP level 9. HP: 21/55 MP: 9/9
  6162 | D:6      | Learned a level 2 spell: Wereblood
  6830 | D:7      | Found an opulent altar of Gozag.
  7142 | D:7      | Found a sparkling altar of Nemelex Xobeh.
  7590 | D:8      | Reached skill level 9 in Armour
  7670 | D:8      | Found a flagged portal.
  7702 | Bailey   | Entered a bailey
  8088 | Bailey   | HP: 2/56 [orc warrior (7)]
  8090 | Bailey   | Slain by an orc warrior

Illustrated notes

Levels and vault maps discovered:
D:1:      lightli_arrival_lavapool, layout_rooms
D:2:      layout_rooms, uniq_crazy_yiuf_cottage, uniq_natasha
D:3:      layout_rooms, zin_scriptorium, ebering_ghost_rock_garden
D:4:      minmay_chambers_of_fours, layout_loops_ring,
          minmay_temple_entry_proselytizer, serial_shops, shop,
          dk_rats_in_the_wall
D:5:      layout_basic, feat_on_display
D:6:      layout_loops_ring, chequers_temple_overflow_statue_of_worship,
          gammafunk_ghost_necromancy, serial_shops, shop
D:7:      corexii_shack_village, layout_loops_ring,
          nicolae_overflow_crystal_walls, basic_altar
D:8:      layout_basic, enter_bailey_4
Temple:   nicolae_temple_no_exploring_needed
Bailey:   bailey_polearm_2, bailey

Skill      XL: |  1  2  3  4  5  6  7  8  9 |
---------------+----------------------------+-----
Axes           | 2 3 4 6 7 |  7.2
Armour         | 4 5 6 8 9 |  9.1
Fighting       | 4 5 6 |  6.7
Shields        | 4 5 6 |  6.6

Action                   |  1- 3 |  4- 6 |  7- 9 || total
-------------------------+-------+-------+-------++-------
Melee: War axe           |   120 |   175 |   556 ||   851
  Use: Scroll            |     4 |     2 |     9 ||    15
       Potion            |       |     3 |     8 ||    11
 Stab: Invisible         |       |       |     4 ||     4
Armor: Scale mail        |    83 |    86 |       ||   169
       Skin              |       |     1 |       ||     1
       Chain mail        |       |     9 |    97 ||   106
       Plate armour      |       |       |   308 ||   308
Dodge: Dodged            |    40 |    71 |    82 ||   193
Block: Kite shield       |    74 |    97 |   307 ||   478
